 Dungeon Crawl Stone Soup version 0.27-a0-1513-g2aaa0cc67b (webtiles) character file.

Game seed: 8421146232166941527

40012 Spaninq the Imperceptible (level 13, -7/72 HPs)
             Began as a Spriggan Brigand on July 9, 2021.
             Was the Champion of Dithmenos.
             Mangled by an acid blob (22 damage)
             ... on level 1 of the Pits of Slime on July 10, 2021.
             The game lasted 02:50:05 (25726 turns).

Spaninq the Imperceptible (Spriggan Brigand)       Turns: 25726, Time: 02:50:06

Health: -7/72      AC:  5    Str:  7    XL:     13   Next: 72%
Magic:  11/14      EV: 35    Int: 12    God:    Dithmenos [******]
Gold:   1688       SH:  0    Dex: 22    Spells: 11/12 levels left

rFire    . . .     SeeInvis +   r - +2 dagger (venom)
rCold    . . .     Faith    .   (shield restricted)
rNeg     . . .     Spirit   .   W - +2 robe {Archmagi}
rPois    .         Reflect  .   (helmet restricted)
rElec    .         Harm     .   c - +0 cloak
rCorr    .         Rampage  .   (gloves unavailable)
Will     ++...     Archmagi +   (boots unavailable)
Stlth    ++++++....             (no amulet)
HPRegen  0.22/turn              k - +4 ring of protection
MPRegen  0.14/turn              w - +4 ring of evasion

@: confused, corroded, wreathed by umbra, very quick
A: very small, no large weapons, unfitting armour, see invisible, speed 3
a: Renounce Religion, Shadow Step, Shadow Form


You were on level 1 of the Pits of Slime.
You worshipped Dithmenos.
Dithmenos was exalted by your worship.
You visited 6 branches of the dungeon, and saw 23 of its levels.
You also visited: Ossuary.

You collected 1856 gold pieces.
You spent 168 gold pieces at shops.

Inventory:

Hand Weapons
 f - a +0 rapier of flaming
 r - a +2 dagger of venom (weapon)
 G - a +4 dagger of freezing
Missiles
 d - 60 poisoned darts (quivered)
 e - 2 curare-tipped darts
 q - 4 throwing nets
Armour
 c - a +0 cloak (worn)
 i - the +3 warlock's mirror {reflect}
   (You acquired it on level 7 of the Dungeon)
 K - +1 acid dragon scales
 L - a +0 troll leather armour
 W - a +2 robe of the Archmagi (worn)
Jewellery
 k - a +4 ring of protection (left hand)
 w - a +4 ring of evasion (right hand)
 y - a ring of magical power
 z - a ring of positive energy
 D - a ring of willpower
 H - the ring "Sutul" {Contam rPois rN+ rCorr Int+6}
   (You took it off an orc wizard on level 8 of the Dungeon)

   [ring of poison resistance]

   Int:       It affects your intelligence (+6).
   rPois:     It protects you from poison.
   rN:        It protects you from negative energy.
   Contam:    It causes magical contamination when unequipped.
   rCorr:     It protects you from acid and corrosion.
 Q - a ring of ice
 S - a ring of positive energy
 T - a ring of flight
Wands
 b - a wand of iceblast (7)
 o - a wand of paralysis (43)
 E - a wand of polymorph (7)
 N - a wand of charming (12)
 V - a wand of digging (8)
Scrolls
 a - 9 scrolls of teleportation
 g - 4 scrolls of identify
 h - 4 scrolls of silence
 l - a scroll of vulnerability
 m - 2 scrolls of blinking
 p - 3 scrolls of enchant weapon
 s - 2 scrolls of brand weapon
 u - 2 scrolls of amnesia
 R - a scroll of fear
 U - a scroll of enchant armour
Potions
 j - a potion of brilliance
 n - 4 potions of magic
 t - 3 potions of mutation
 v - 6 potions of flight
 x - 2 potions of might
 A - 10 potions of curing
 B - a potion of heal wounds
 F - 3 potions of ambrosia
 I - 2 potions of berserk rage
 J - 2 potions of invisibility
 M - 2 potions of haste
 P - a potion of resistance
Miscellaneous
 O - a phantom mirror


   Skills:
 + Level 9.8 Fighting
 - Level 10.0 Short Blades
 - Level 2.0 Throwing
 + Level 14.2 Dodging
 + Level 23.0 Stealth
 + Level 6.2 Shields


You had 11 spell levels left.
You knew the following spells:

 Your Spells              Type           Power      Damage    Failure   Level
a - Apportation           Tloc           0%         N/A       32%         1

Your spell library contained the following spells:

 Spells                   Type           Power      Damage    Failure   Level
 Magic Dart               Conj           0%         1d3       32%         1
 Summon Small Mammal      Summ           0%         N/A       32%         1
 Call Imp                 Summ           0%         N/A       45%         2
 Slow                     Hex            0%         N/A       45%         2
 Static Discharge         Conj/Air       0%         N/A       45%         2
 Sublimation of Blood     Necr           0%         N/A       45%         2
 Wereblood                Tmut           0%         N/A       45%         2
 Call Canine Familiar     Summ           0%         N/A       69%         3
 Confusing Touch          Hex            0%         N/A       69%         3
 Mephitic Cloud           Conj/Pois/Air  0%         N/A       69%         3
 Summon Guardian Golem    Hex/Summ       0%         N/A       69%         3
 Vampiric Draining        Necr           0%         2d6       69%         3
 Dispel Undead            Necr           0%         3d6       97%         4
 Sticky Flame             Conj/Fire      0%         2d3       97%         4
 Summon Ice Beast         Ice/Summ       0%         N/A       97%         4
 Alistair's Intoxication  Tmut/Pois      0%         N/A       100%        5
 Summon Mana Viper        Hex/Summ       0%         N/A       100%        5
 Invisibility             Hex            0%         N/A       100%        6
 Monstrous Menagerie      Summ           0%         N/A       100%        7
 Summon Hydra             Summ           0%         N/A       100%        7


Dungeon Overview and Level Annotations

Branches:
Dungeon (12/15)            Temple (0/1) D:6            Lair (6/6) D:10
 Shoals (1/4) Lair:4        Snake (1/4) Lair:2        Slime (1/5) Lair:5
    Orc (2/2) D:10            Elf (0/3) Orc:2       Ossuary (visited)

Altars:
Dithmenos
Gozag
Makhleb
Nemelex Xobeh
Qazlal
Uskayaw
Wu Jian
The Shining One

Shops:
D:1 (   D:2 [   D:6 !=

Annotations:
D:9 3 runed translucent doors, Phlounder's ghost, novice DjAE
D:12 1 runed translucent door


Innate Abilities, Weirdness & Mutations

You are very small and have problems with some larger weapons.
You are too small for most types of armour.
You have supernaturally acute eyesight. (SInv)
You cover ground extremely quickly. (Speed+++)


Message History

You resist with almost no effort.
Two slime creatures merge to form a large slime creature.
The slime creature misses you.
Okay, then.
The golden eye blinks!
The golden eye blinks at you. You resist with almost no effort.
A large slime creature splits. x2
The golden eye blinks at you. You resist with almost no effort.
The golden eye blinks at you. You resist with almost no effort.
Two slime creatures merge to form a large slime creature.
The golden eye blinks at you. You resist with some effort.
The golden eye blinks at you.
You are more confused.
The golden eye blinks!
There is a stone staircase leading down here.
The golden eye blinks at you. You resist with almost no effort.
The acid blob spits acid at you. The splash of acid hits you!
The acid corrodes you!
You are splashed with acid!
The golden eye blinks at you. You resist with almost no effort.
You feel much better.
The slime creature completely misses you.
The golden eye blinks!
The golden eye blinks at you.
You easily resist.
You are splashed with acid.
The golden eye blinks at you. You resist with almost no effort.
The golden eye blinks!
The acid blob hits you!
You are splashed with acid!
The golden eye blinks at you. You resist with some effort.
You feel much better. The large slime creature hits you!!!
Ouch! That really hurt!
* * * LOW HITPOINT WARNING * * *
You emit a cloud of dark smoke.
The acid blob hits you!!
You die...

........§###.#.#....##
..........#..........#
......#.............#. .
.......#................
..>......G..............
.......<.G.......# ...#
............§.J..##....#
.............JJJJ§....##
............JGJJ@§......
..............J§§§......
..........#...#.........
.........#...#..........
.........#....#......##.
G....................#
......................
.....................##
J..J............


You could see an acid blob, an enormous slime creature, 2 large slime creatures,
5 slime creatures and 3 golden eyes.

Vanquished Creatures
  A boulder beetle (Lair:4)
  4 hydras
  3 two-headed ogres
  2 death yaks (Lair:2)
  2 naga sharpshooters (Snake:1)
  Pikel (D:8)
  An orc sorcerer (Orc:1)
  An oklob plant (Lair:6)
  3 cyclopes
  A salamander (Snake:1)
  A manticore (D:12)
  3 merfolk sirens (Lair:4)
  3 black mambas
  A guardian serpent (Lair:2)
  3 elephants (Lair:5)
  A gargoyle (D:12)
  3 cane toads
  2 rime drakes
  2 kobold demonologists (D:10)
  An unseen horror (D:9)
  9 komodo dragons
  A jumping spider (shapeshifter) (D:12)
  A merfolk (Lair:4)
  3 trolls
  Grinder (D:6)
  A hornet (Lair:6)
  A dream sheep (Lair:5)
  8 slime creatures
  2 polar bears (Lair:6)
  7 blink frogs
  A spriggan (Lair:6)
  A shadow (D:11)
  3 wraiths
  35 yaks
  3 wyverns
  Grum (D:9)
  2 basilisks
  4 vampire mosquitoes (D:12)
  2 acid dragons
  A naga (Snake:1)
  18 water moccasins
  10 orc warriors
  4 black bears
  9 ogres
  13 wolves
  A necrophage (D:6)
  8 centaurs
  A phantom (D:6)
  2 lemures (D:8)
  A kobold brigand (D:10)
  14 bullfrogs
  A scorpion (D:7)
  2 water moccasin zombies (Ossuary)
  A water moccasin skeleton (D:5)
  9 killer bees
  9 wights
  3 centaur zombies
  2 hounds
  6 jellies
  7 orc priests
  A bullfrog skeleton (D:5)
  2 bullfrog zombies
  A gnoll shaman (D:8)
  A centaur skeleton (D:5)
  12 orc wizards
  6 iguanas
  2 hell rats
  A killer bee zombie (D:5)
  3 hound skeletons (D:4)
  2 mummies (Ossuary)
  A howler monkey skeleton (D:7)
  5 river rats
  4 adders
  9 gnolls
  7 adder zombies (Ossuary)
  4 worms (D:2)
  2 dart slugs
  50 orcs
  6 ball pythons
  7 bats
  7 endoplasms
  2 giant cockroaches (D:2)
  7 gnoll zombies (Ossuary)
  2 goblins
  8 hobgoblins
  3 jackals
  4 quokkas
  8 frilled lizards
  3 hobgoblin zombies (Ossuary)
  11 kobolds
  6 kobold zombies (Ossuary)
  5 orc zombies (Ossuary)
  6 rats
  2 butterflies
447 creatures vanquished.

Vanquished Creatures (others)
  A butterfly (Lair:5)
  48 fungi
  51 plants
100 creatures vanquished.

Grand Total: 547 creatures vanquished

Notes
Turn   | Place    | Note
-------+----------+-------------------------------------------
     0 | D:1      | Spaninq the Spriggan Brigand began the quest for the Orb.
     0 | D:1      | Reached XP level 1. HP: 10/10 MP: 2/2
   296 | D:1      | Reached skill level 6 in Stealth
   358 | D:1      | Reached XP level 2. HP: 15/15 MP: 3/3
   693 | D:1      | Found Ytyz's Antique Weapon Boutique.
  1086 | D:2      | Reached XP level 3. HP: 18/18 MP: 4/4
  1319 | D:2      | Found Nemunn's Armour Shop.
  2154 | D:3      | Found a shadowy altar of Dithmenos.
  2162 | D:3      | Became a worshipper of Dithmenos the Shadowed
  2204 | D:3      | Reached XP level 4. HP: 23/23 MP: 5/5
  2600 | D:4      | Reached XP level 5. HP: 26/26 MP: 6/6
  2775 | D:4      | Reached skill level 7 in Stealth
  2778 | D:4      | Identified the +1 quarterstaff of Zilaunne {venom, rPois}
  2783 | D:4      | Identified the +0 pair of boots of the Dice {Contam rF+
                  | Str+2 Dex+3}
  3257 | D:4      | Reached * piety under Dithmenos
  3380 | D:4      | Reached XP level 6. HP: 32/32 MP: 7/7
  3542 | D:4      | Reached skill level 5 in Short Blades
  3911 | D:5      | Entered Level 5 of the Dungeon
  3917 | D:5      | Identified the +0 scale mail of Pantheism {rElec rC- Str+2
                  | Dex+4}
  4073 | D:5      | Reached XP level 7. HP: 34/36 MP: 8/8
  4142 | D:5      | Reached skill level 8 in Stealth
  4642 | D:5      | Reached skill level 5 in Dodging
  4882 | D:5      | Reached ** piety under Dithmenos
  4937 | D:5      | Reached skill level 9 in Stealth
  4938 | D:5      | Identified the +1 pair of gloves "Noekkoso" {rElec rC-
                  | rN+++ Dex-5}
  4944 | D:5      | Reached XP level 8. HP: 41/41 MP: 9/9
  5069 | D:6      | Found Kotzeh's Distillery.
  5121 | D:6      | Bought a potion of curing for 36 gold pieces
  5121 | D:6      | Bought a potion of heal wounds for 60 gold pieces
  5121 | D:6      | Bought a potion of curing for 36 gold pieces
  5121 | D:6      | Bought a potion of curing for 36 gold pieces
  5359 | D:6      | Found Dicrutym's Jewellery Shop.
  5402 | D:6      | Found a staircase to the Ecumenical Temple.
  5444 | D:6      | Noticed Grinder
  5452 | D:6      | Killed Grinder
  5453 | D:6      | Reached skill level 10 in Stealth
  5792 | D:6      | Found a stormy altar of Qazlal.
  5792 | D:6      | Found an opulent altar of Gozag.
  5975 | D:7      | Identified 2 scrolls of acquirement
  5975 | D:7      | Acquired a manual of Stealth
  6219 | D:7      | Found a sand-covered staircase.
  6224 | Ossuary  | Entered an ossuary
  6392 | Ossuary  | Reached skill level 11 in Stealth
  6608 | Ossuary  | Reached *** piety under Dithmenos
  6883 | D:7      | Acquired the +3 warlock's mirror {reflect}
  6884 | D:7      | Found the +3 warlock's mirror {reflect}
  6894 | D:7      | Reached skill level 12 in Stealth
  6894 | D:7      | Reached XP level 9. HP: 46/46 MP: 10/10
  7344 | D:7      | Reached skill level 13 in Stealth
  7438 | D:7      | Reached skill level 5 in Fighting
  7447 | D:7      | Reached skill level 14 in Stealth
  7982 | D:8      | Reached **** piety under Dithmenos
  8000 | D:8      | Noticed Pikel
  8064 | D:8      | Killed Pikel
  8065 | D:8      | Reached skill level 15 in Stealth
  8116 | D:8      | Identified the ring "Sutul" {Contam rPois rN+ rCorr Int+6}
  8212 | D:8      | Reached XP level 10. HP: 51/51 MP: 11/11
  8694 | D:8      | Reached skill level 16 in Stealth
  8927 | D:9      | Noticed a two-headed ogre
  8934 | D:9      | Killed a two-headed ogre
  8935 | D:9      | Reached skill level 17 in Stealth
  8947 | D:9      | Found an ornate altar of the Wu Jian Council.
  9007 | D:9      | Found a runed translucent gate.
  9008 | D:9      | Noticed a ten-headed hydra
  9024 | D:9      | Noticed Phlounder's ghost (novice DjAE)
  9025 | D:9      | Found a runed translucent gate.
  9025 | D:9      | Found a runed translucent gate.
  9057 | D:9      | Noticed Grum
  9082 | D:9      | Killed Grum
  9180 | D:9      | Reached skill level 18 in Stealth
  9504 | D:10     | Entered Level 10 of the Dungeon
  9542 | D:10     | Found a staircase to the Orcish Mines.
  9745 | D:10     | Found a glowing golden altar of the Shining One.
  9750 | D:10     | Found a hide-covered altar of Uskayaw.
 10081 | D:10     | Found a burning altar of Makhleb.
 10127 | D:10     | Found a staircase to the Lair.
 10529 | D:10     | Noticed a two-headed ogre
 10535 | D:10     | Killed a two-headed ogre
 10628 | D:10     | Reached skill level 10 in Dodging
 10995 | Lair:1   | Entered Level 1 of the Lair of Beasts
 11062 | Lair:1   | Reached skill level 19 in Stealth
 11067 | Lair:1   | Reached XP level 11. HP: 58/58 MP: 12/12
 11255 | Lair:1   | Reached ***** piety under Dithmenos
 11804 | Lair:1   | Reached skill level 10 in Short Blades
 11804 | Lair:1   | Reached skill level 20 in Stealth
 12191 | Lair:2   | Noticed a death yak
 12416 | Lair:2   | Reached skill level 1 in Shields
 12447 | Lair:2   | Noticed a four-headed hydra
 13159 | Lair:2   | You fall into a shaft and drop 1 floor!
 13354 | Lair:2   | Noticed a death yak
 13354 | Lair:2   | Noticed a death yak
 13356 | Lair:2   | Noticed a death yak
 13374 | Lair:2   | Killed a death yak
 13661 | Lair:2   | Found a staircase to the Snake Pit.
 13757 | Lair:2   | Reached skill level 21 in Stealth
 13986 | Lair:2   | Killed a death yak
 14859 | Lair:3   | Reached XP level 12. HP: 49/64 MP: 13/13
 14950 | Lair:3   | You fall into a shaft and drop 3 floors!
 14950 | Lair:6   | Entered Level 6 of the Lair of Beasts
 14976 | Lair:6   | Noticed a catoblepas
 15003 | Lair:6   | Noticed a six-headed hydra
 15113 | Lair:4   | Noticed a boulder beetle
 15120 | Lair:4   | Killed a boulder beetle
 15591 | Lair:4   | Found a staircase to the Shoals.
 15887 | Lair:5   | Noticed a five-headed hydra
 15892 | Lair:5   | Found a sparkling altar of Nemelex Xobeh.
 15922 | Lair:4   | Noticed a four-headed hydra
 16367 | Lair:4   | Killed a four-headed hydra
 16975 | Lair:5   | Found a staircase to the Slime Pits.
 17453 | Lair:5   | Killed a five-headed hydra
 17454 | Lair:5   | Reached skill level 22 in Stealth
 19205 | Lair:5   | Reached XP level 13. HP: 64/70 MP: 14/14
 19321 | Lair:5   | Reached skill level 5 in Shields
 20436 | Orc:1    | Entered Level 1 of the Orcish Mines
 20830 | D:11     | Identified the +4 scale mail "Ifuenit" {*Corrode +Blink rF+
                  | Int+3}
 21595 | D:11     | Reached ****** piety under Dithmenos
 22208 | D:12     | Found a runed translucent door.
 23781 | Orc:2    | Entered Level 2 of the Orcish Mines
 23783 | Orc:2    | Found a staircase to the Elven Halls.
 23896 | Orc:2    | Learned a level 1 spell: Apportation
 25294 | Snake:1  | Entered Level 1 of the Snake Pit
 25303 | Snake:1  | Reached skill level 23 in Stealth
 25489 | Shoals:1 | Entered Level 1 of the Shoals
 25587 | Slime:1  | Entered Level 1 of the Pits of Slime
 25587 | Slime:1  | Noticed an acid blob
 25726 | Slime:1  | Mangled by an acid blob

Illustrated notes

Levels and vault maps discovered:
D:1:      mainiacjoe_arrival_reflecting_pool, layout_loops_corners,
          serial_shops, shop, minmay_tree_intersection
D:2:      minmay_razor_zed, layout_loops_ring, serial_shops, shop_fountains
D:3:      layout_basic, grunt_dithmenos_smoke
D:4:      black_bear_nest_1, layout_loops_corners, hex_large
D:5:      layout_gridville, minivault_14, grunt_ministairs_11
D:6:      layout_rooms, gammafunk_temple_overflow_wave,
          minmay_temple_entry_trees, serial_shops, nicolae_inconvenience_store,
          nicolae_shop_statue_plus, st_stairs_13, uniq_grinder
D:7:      layout_gridville, enter_ossuary_2, kennysheep_generic_room_7
D:8:      layout_loops_ring, nrook_uturn, uniq_pikel
D:9:      layout_basic, mainiacjoe_overflow_small_starburst,
          gammafunk_ghost_hydra_chop, uniq_grum
D:10:     layout_basic, minmay_overflow_temple_star_quad, lair_entry_dummy
D:11:     layout_loops_ring
D:12:     gammafunk_mikee_crab_dinner, layout_basic,
          minmay_misc_feat_four_crosses, corexii_corridor_pit
Lair:1:   layout_roguey, lemuel_fruit_fields, infiniplex_staircase_pool_2,
          grunt_megastairs_4
Lair:2:   layout_roguey, minmay_snake_entry_spellcaster, minmay_holes,
          infiniplex_staircase_pool
Lair:3:   layout_regular_city, chequers_serial_rivers_small_b,
          serial_bayou_shore_a, lemuel_fruit_fields
Lair:4:   layout_regular_city, elwin_shoals_entry_stream
Lair:5:   layout_regular_city, nicolae_slime_entry_slimehenge,
          nicolae_volcano_entry_lava_flow, basic_altar, serial_bayou_shore_b,
          lemuel_fruit_fields
Lair:6:   minmay_lair_end_enchanted_forest, layout_small_grid,
          kennysheep_rathole
Shoals:1: cheibrodos_shoals_epimethial_gifts, layout_shoals,
          gammafunk_ghost_berserking_beasts, nicolae_shoals_abyss_on_the_beach
Snake:1:  layout_chambers, nrook_loot_triangle, grunt_ministairs_7, drop_trap,
          grunt_megastairs_1, serial_bayou_shore_b, uniq_donald
Slime:1:  cheibrodos_slime_lost_civilization_1, layout_caves
Orc:1:    layout_caves, serial_shops, nicolae_shop_statue_plus
Orc:2:    st_orc_rangers, layout_caves

Skill      XL: |  1  2  3  4  5  6  7  8  9 10 11 12 13 |
---------------+----------------------------------------+-----
Stealth        | 6 7 9 12 15 19 21 22 23 | 23.0
Dodging        | 2 3 4 5 6 8 10 11 13 14 | 14.2
Short Blades   | 3 4 5 6 7 8 9 10 | 10.0
Fighting       | 2 3 4 5 6 7 8 9 |  9.8
Shields        | 2 4 6 |  6.2
Throwing       | |  2.0

Action                   |  1- 3 |  4- 6 |  7- 9 | 10-12 | 13-15 || total
-------------------------+-------+-------+-------+-------+-------++-------
Melee: Dagger            |   201 |   153 |   540 |   805 |   476 ||  2175
 Cast: Apportation       |       |       |       |       |    18 ||    18
Invok: Shadow Step       |       |       |       |       |     1 ||     1
Evoke: Wand              |       |       |     6 |       |     1 ||     7
  Use: Potion            |       |     2 |     1 |     3 |     5 ||    11
       Scroll            |       |       |     9 |    16 |     5 ||    30
 Stab: Sleeping          |    19 |    11 |    39 |    71 |    32 ||   172
       Distracted        |       |     1 |     3 |    16 |     9 ||    29
       Paralysed         |       |       |     4 |       |     1 ||     5
Armor: Robe              |    27 |    22 |    24 |    26 |    17 ||   116
Dodge: Dodged            |   124 |   113 |   299 |   515 |   463 ||  1514

Table legend: (Time is in decaauts)
 A = Elapsed time spent in this place.
 B = Non-inter-level travel time spent in this place.
 C = Inter-level travel time spent in this place.
 D = Time resting spent in this place.
 E = Time spent auto-exploring this place.
 F = Levels seen in this place.
 G = Mean time per level.
                   A        B        C        D        E       F      G
               +--------+--------+--------+--------+--------+-----+--------+
         Total |  18074 |  17309 |    765 |   4264 |   5562 |  24 |  753.1 |
       Dungeon |   9225 |   8823 |    402 |   1343 |   3942 |  12 |  768.8 |
          Lair |   7037 |   6696 |    341 |   2331 |   1459 |   6 | 1172.8 |
        Shoals |     17 |     17 |      0 |      0 |      0 |   1 |   17.0 |
     Snake Pit |     57 |     57 |      0 |      0 |      0 |   1 |   57.0 |
    Slime Pits |     25 |     25 |      0 |      0 |      0 |   1 |   25.0 |
  Orcish Mines |   1354 |   1332 |     22 |    492 |    146 |   2 |  677.0 |
       Ossuary |    357 |    357 |      0 |     97 |     13 |   1 |  357.0 |
               +--------+--------+--------+--------+--------+-----+--------+

Top non-repeatable levels by time:
  Lair:5: 1633 daAuts
  Lair:2: 1461 daAuts
    D:10: 1434 daAuts
  Lair:1: 1288 daAuts
  Lair:4: 1067 daAuts
  Lair:6: 888 daAuts
     D:4: 887 daAuts
     D:5: 859 daAuts
     D:8: 838 daAuts
    D:11: 786 daAuts
   Orc:2: 765 daAuts
     D:2: 763 daAuts
     D:7: 718 daAuts
  Lair:3: 697 daAuts
     D:6: 690 daAuts
